 Dungeon Crawl Stone Soup version 0.30.0-29-ga12c61a403 (webtiles) character file.

Game seed: 12740848111858443736

73 qw the Chopper (level 4, -4/28 HPs)
             Began as a Gargoyle Fighter on June 4, 2023.
             Killed by divine providence
             ... invoked by an orc priest
              (15 damage)
             ... on level 3 of the Dungeon.
             The game lasted 00:01:06 (1950 turns).

qw the Chopper (Gargoyle Fighter)                   Turns: 1950, Time: 00:01:07

Health: -4/28      AC: 11    Str: 22    XL:     4   Next: 27%
Magic:  4/4        EV:  9    Int:  8    God:
Gold:   124        SH:  4    Dex:  9    Spells: 3/3 levels left

rFire   . . .        Y - +0 war axe
rCold   . . .        c - +0 buckler
rNeg    + . .        b - +0 scale mail
rPois   inf          (no helmet)
rElec   +            l - +0 cloak {rPois}
rCorr   .            (no gloves)
SInv    .            (no boots)
Will    ++...        (no amulet) Stlth
                     j - ring of willpower
HPRegen 0.24/turn    k - ring of willpower
MPRegen 0.09/turn

%: no passive effects
@: no status effects
A: sickness immunity, AC +3, negative energy resistance 1, electricity
resistance, torment resistance 1, petrification resistance
a: no special abilities


You were on level 3 of the Dungeon.
You visited 1 branch of the dungeon, and saw 3 of its levels.

You collected 124 gold pieces.


Innate Abilities, Weirdness & Mutations

You are immune to sickness and miasma.
Your stone body is resilient. (AC +3)
You are immune to poison.
You resist negative energy. (rN+)
You are resistant to electric shocks. (rElec)
You are resistant to unholy torment.
You are immune to petrification.


   Skills:
 - Level 3.2 Fighting
 + Level 4.0 Axes
 - Level 3.2 Armour
 - Level 3.2 Shields


You had 3 spell levels left.
You didn't know any spells.
Your spell library was empty.

Inventory:

Hand Weapons
 e - a +0 whip
 Y - a +0 war axe (weapon)
Armour
 b - a +0 scale mail (worn)
 c - a +0 buckler (worn)
 l - a +0 cloak of poison resistance (worn)
Jewellery
 j - a ring of willpower (left hand)
 k - a ring of willpower (right hand)
Scrolls
 a - a scroll of immolation {unknown}
Potions
 d - a potion of might
 f - a potion of haste {unknown}
 g - 5 potions of curing
 i - a potion of magic {unknown}
 n - 2 potions of brilliance {unknown}

Dungeon Overview and Level Annotations

Branches:
Dungeon (3/15)

Altars:


Message History

You start waiting.
An orc wizard is nearby!
An orc priest comes into view. It is wielding a +0 club.
The orc priest shouts!
You completely miss the orc wizard.
A giant cockroach comes into view.
The orc wizard barely misses you.
The orc wizard gestures at you while chanting.
You resist with almost no effort.
The orc priest invokes the aid of Beogh against you.
Beogh smites you!
A rat comes into view.
You slash the orc wizard!
The orc wizard is heavily wounded.
An orc comes into view. It is wielding a +0 morningstar.
You closely miss the orc wizard.
The orc wizard is heavily wounded.
You hit the hobgoblin. The hobgoblin closely misses you.
The orc wizard casts a spell at you. The puff of flame hits you!
You slash the hobgoblin!
You kill the hobgoblin!
You miss the orc wizard. The orc wizard closely misses you.
The orc priest hits you but does no damage.
The orc wizard barely misses you.
You barely miss the orc wizard.
The orc wizard is heavily wounded.
You hit the orc priest.
The orc priest suddenly yells.
You block the orc priest's attack.
The orc wizard hits you but does no damage.
You hit the orc wizard.
The orc wizard is severely wounded.
You hit the orc priest.
The orc priest mumbles some strange prayers to Beogh against you.
Beogh smites you!
Ouch! That really hurt!
You die...

## #######.......#
#..# ##
............####...#
..# #~ .....####.##
#...... #~ .. #...#
#. ..# +~ #.##.###
#~ #....##### #~
#.##.....#### ## #
#.###....####... #.#
###@o...?... ..#
#o###..... #### #Bl.
.... .o.7.+ ## ....
.# .>.... ## ....##
.7.#


You could see an orc priest, an orc wizard, an orc, a giant cockroach and a
frilled lizard.

Vanquished Creatures
  3 worms
  2 dart slugs (D:2)
  8 endoplasms
  2 giant cockroaches (D:1)
  8 goblins
  6 hobgoblins
  4 jackals (D:1)
  7 kobolds
  A quokka (D:1)
  5 ball pythons
  2 bats (D:2)
  5 frilled lizards
  A rat (D:1)
54 creatures vanquished.

Notes
Turn   | Place    | Note
-------+----------+-------------------------------------------
     0 | D:1      | qw the Gargoyle Fighter began the quest for the Orb.
     0 | D:1      | Reached XP level 1. HP: 14/14 MP: 1/1
     0 | D:1      | 0 ||| qw: Version: 0.2-a-106-g05974ce
     0 | D:1      | 0 ||| qw: Game counter: 1151
     0 | D:1      | 0 ||| qw: Always use a shield: true
     0 | D:1      | 0 ||| qw: God list: Okawaru
     0 | D:1      | 0 ||| qw: Allow faded altars: false
     0 | D:1      | 0 ||| qw: Do Orc after D:15 true
     0 | D:1      | 0 ||| qw: Do second Lair branch before Depths: true
     0 | D:1      | 0 ||| qw: Lair rune preference: random
     0 | D:1      | 0 ||| qw: Plans: Normal, Zot:1-4, Slime:5, God:TSO, Crypt,
                  | Tomb, Abyss, Pan, Hells, Win
     0 | D:1      | 0 ||| PLANNING D:1-11
     9 | D:1      | 9 ||| Stepping ~*~*~tactically~*~*~ (stealth).
    10 | D:1      | 10 ||| Stepping ~*~*~tactically~*~*~ (stealth).
    17 | D:1      | Reached skill level 2 in Axes
    18 | D:1      | 18 ||| Stepping ~*~*~tactically~*~*~ (hiding).
    19 | D:1      | 19 ||| Stepping ~*~*~tactically~*~*~ (stealth).
    56 | D:1      | 56 ||| Stepping ~*~*~tactically~*~*~ (stealth).
    57 | D:1      | 57 ||| Stepping ~*~*~tactically~*~*~ (stealth).
    88 | D:1      | Reached XP level 2. HP: 19/19 MP: 2/2
   178 | D:1      | 178 ||| Stepping ~*~*~tactically~*~*~ (stealth).
   199 | D:1      | 199 ||| Stepping ~*~*~tactically~*~*~ (stealth).
   200 | D:1      | 200 ||| Stepping ~*~*~tactically~*~*~ (stealth).
   201 | D:1      | 201 ||| Stepping ~*~*~tactically~*~*~ (stealth).
   246 | D:1      | Reached skill level 3 in Axes
   356 | D:1      | Reached XP level 3. HP: 23/23 MP: 3/3
   445 | D:1      | 445 ||| Stepping ~*~*~tactically~*~*~ (stealth).
   448 | D:1      | 448 ||| Stepping ~*~*~tactically~*~*~ (stealth).
   580 | D:1      | 580 ||| UPGRADING to ring of willpower.
   581 | D:1      | 581 ||| READING scroll labelled JACKUD KAANA.
   586 | D:1      | 586 ||| DRINKING 3 clear potions.
   609 | D:2      | 609 ||| STAIRDANCE
   742 | D:2      | 742 ||| Stepping ~*~*~tactically~*~*~ (hiding).
   900 | D:2      | 900 ||| Stepping ~*~*~tactically~*~*~ (hiding).
  1395 | D:2      | Reached XP level 4. HP: 28/28 MP: 4/4
  1397 | D:2      | 1397 ||| UPGRADING to +0 cloak of poison resistance.
  1402 | D:2      | 1402 ||| UPGRADING to ring of willpower.
  1403 | D:2      | 1403 ||| READING scroll labelled SOTASK VEKLUAR.
  1404 | D:2      | 1404 ||| READING scroll labelled RIRUEJ HAIRRO.
  1573 | D:2      | 1573 ||| READING scroll labelled OZXUIPA SIARIO.
  1574 | D:2      | 1574 ||| DRINKING 2 emerald potions.
  1678 | D:2      | 1678 ||| DROPPING potion of berserk rage.
  1873 | D:3      | 1873 ||| Stepping ~*~*~tactically~*~*~ (stealth).
  1884 | D:3      | Reached skill level 4 in Axes
  1940 | D:3      | 1940 ||| Stepping ~*~*~tactically~*~*~ (hiding).
  1941 | D:3      | 1941 ||| Stepping ~*~*~tactically~*~*~ (hiding).
  1950 | D:3      | Killed from afar by an orc priest

Levels and vault maps discovered:
D:1:      mrwooster_arrival_arrow, layout_rooms
D:2:      minmay_alternating_diamond, layout_basic, minivault_19,
          minmay_heptomino_o4
D:3:      layout_rooms, serial_rivers, chequers_serial_rivers_micro_d,
          chequers_serial_rivers_large_a, chequers_serial_rivers_small_3,
          chequers_serial_rivers_micro_e, chequers_serial_rivers_room_a,
          chequers_serial_rivers_room_b, grunt_ministairs_13, minmay_distorted

Skill      XL: |  1  2  3  4 |
---------------+-------------+-----
Axes           | 2 3 4 |  4.0
Fighting       | |  3.2
Armour         | |  3.2
Shields        | |  3.2

Action                     |  1- 3 |  4- 6 || total
---------------------------+-------+-------++-------
  Melee: War axe           |   120 |    27 ||   147
    Use: Scroll            |     1 |     3 ||     4
         Potion            |     1 |     1 ||     2
 Armour: Scale mail        |    51 |     7 ||    58
  Dodge: Dodged            |    47 |    10 ||    57
  Block: Buckler           |    22 |     1 ||    23

Table legend:
 A = Non-vault XP
 B = Vault XP
 C = Vault XP percentage of total XP
 D = Non-vault monster count
 E = Vault monster count
 F = Vault count percentage of total count
                 A         B        C        D         E       F
            +---------+---------+-------+---------+---------+-------
      Total |      87 |      18 |  17.1 |      45 |       9 |  16.7
            +---------+---------+-------+---------+---------+-------
        D:1 |      46 |       0 |   0.0 |      29 |       0 |   0.0
        D:2 |      26 |      16 |  38.1 |      11 |       8 |  42.1
        D:3 |      15 |       2 |  11.8 |       5 |       1 |  16.7
            +---------+---------+-------+---------+---------+-------
